[Event "Djerba Festival Open-A 2024"]
[Site "Djerba"]
[Date "2024.02.25"]
[Round "9.1"]
[White "Abbes, Ali"]
[Black "Defromont, Benjamin"]
[Result "*"]
[ECO "B01"]
[WhiteElo "2218"]
[BlackElo "2423"]
[Annotator "ChessBase"]
[PlyCount "34"]
[EventDate "2024.02.18"]
[EventType "swiss"]
[EventCountry "TUN"]
[SourceTitle "playchess.com"]
[Source "ChessBase"]
[SourceQuality "1"]
[TimeControl "5400+30"]

1. e4 e5 2. d4 exd4 3. c3 d5 4. exd5 Qxd5 5. Nf3 Nc6 6. Be2 Bg4 7. O-O O-O-O 8. Nxd4 Bxe2 9. Qxe2 Nf6 10. Be3 Bc5 11. Nxc6 Qxc6 12. Bxc5 Qxc5 13. Na3 Rhe8 14. Qc2 Ne4 15. Rad1 f5 16. Rd3 Rd7 17. Rxd7 Rd8 *

[Event "Djerba Festival Open-A 2024"]
[Site "Djerba"]
[Date "2024.02.25"]
[Round "9.1"]
[White "Abbes, Ali"]
[Black "Defromont, Benjamin"]
[Result "0-1"]
[ECO "B01"]
[WhiteElo "2218"]
[BlackElo "2423"]
[Annotator "ChessBase"]
[PlyCount "128"]
[EventDate "2024.02.18"]
[EventType "swiss"]
[EventCountry "TUN"]
[SourceTitle "playchess.com"]
[Source "ChessBase"]
[SourceQuality "1"]
[TimeControl "5400+30"]

1. e4 e5 2. d4 exd4 3. c3 d5 4. exd5 Qxd5 5. Nf3 Nc6 6. Be2 Bg4 7. O-O O-O-O 8. Nxd4 Bxe2 9. Qxe2 Nf6 10. Be3 Bc5 11. Nxc6 Qxc6 12. Bxc5 Qxc5 13. Na3 Rhe8 14. Qc2 Ne4 15. Rad1 f5 16. Rxd8+ Rxd8 17. Qb3 Rd5 18. Nc4 f4 19. Qa4 Nf6 20. Re1 c6 21. Na3 f3 22. Qf4 Rf5 23. Qe3 Qxe3 24. Rxe3 fxg2 25. Kxg2 Nd5 26. Re8+ Kd7 27. Rb8 Kc7 28. Rg8 Rf7 29. Nc4 Nf4+ 30. Kg3 Nd3 31. f3 b5 32. Ra8 Kb7 33. Nd6+ Kxa8 34. Nxf7 Nxb2 35. Ng5 Nd1 36. Ne4 Kb8 37. Kf4 Kc7 38. Ke5 Kd7 39. f4 Ne3 40. h4 Nd5 41. f5 Ke7 42. Kd4 Nf6 43. Ng5 h6 44. Ne6 g6 45. Ke5 Nd7+ 46. Kf4 Kf6 47. Nd4 g5+ 48. hxg5+ hxg5+ 49. Kf3 a6 50. Ke4 Nc5+ 51. Kf3 Na4 52. Kg4 c5 53. Ne6 c4 54. Nxg5 Nxc3 55. a3 a5 56. Kf4 Nd5+ 57. Kg4 c3 58. Ne4+ Ke5 59. Nc5 a4 60. Nd3+ Kd4 61. Ne1 Ke3 62. Nc2+ Kd2 63. Nb4 Nxb4 64. f6 Nc6 0-1

[Event "Djerba Festival Open-A 2024"]
[Site "Djerba"]
[Date "2024.02.25"]
[Round "9.2"]
[White "Domenech, Vianney"]
[Black "Rudzinska, Michalina"]
[Result "0-1"]
[ECO "A46"]
[WhiteElo "2254"]
[BlackElo "2241"]
[Annotator "ChessBase"]
[PlyCount "106"]
[EventDate "2024.02.18"]
[EventType "swiss"]
[EventCountry "TUN"]
[SourceTitle "playchess.com"]
[Source "ChessBase"]
[SourceQuality "1"]
[TimeControl "5400+30"]

1. d4 Nf6 2. Bg5 e6 3. e4 h6 4. Bxf6 Qxf6 5. c3 c5 6. Nf3 cxd4 7. cxd4 Bb4+ 8. Nbd2 Nc6 9. a3 Bxd2+ 10. Qxd2 d6 11. Bb5 Bd7 12. O-O O-O 13. Rac1 Rac8 14. Rc3 a6 15. Ba4 b5 16. Bb3 Qd8 17. d5 exd5 18. Bxd5 Ne7 19. Rd3 Qc7 20. Bb3 Bc6 21. Rxd6 Bxe4 22. Ne5 Bf5 23. Rd1 Rce8 24. Nd7 Bxd7 25. Rxd7 Qb8 26. Re1 Nc6 27. Rxe8 Qxe8 28. h3 Ne5 29. Ra7 Qc6 30. Qd4 Qc1+ 31. Qd1 Qxb2 32. f4 Nc4 33. Bxc4 bxc4 34. Rxa6 c3 35. Rc6 Qxa3 36. Qc2 Qb4 37. f5 Qd4+ 38. Kh1 Ra8 39. Rxc3 Ra1+ 40. Kh2 Qe5+ 41. Rg3 Ra3 42. Qf2 f6 43. h4 Ra4 44. Kh3 Rf4 45. Qa2+ Kh7 46. Qc2 Qd4 47. Rxg7+ Kxg7 48. Qc7+ Kf8 49. Qc8+ Ke7 50. Qc7+ Ke8 51. Qc8+ Qd8 52. Qc6+ Qd7 53. Qa8+ Kf7 0-1

[Event "Djerba Festival Open-A 2024"]
[Site "Djerba"]
[Date "2024.02.25"]
[Round "9.3"]
[White "Amdouni, Zoubaier"]
[Black "Djabri, Massinas"]
[Result "1/2-1/2"]
[ECO "B87"]
[WhiteElo "2209"]
[BlackElo "2238"]
[Annotator "ChessBase"]
[PlyCount "78"]
[EventDate "2024.02.18"]
[EventType "swiss"]
[EventCountry "TUN"]
[SourceTitle "playchess.com"]
[Source "ChessBase"]
[SourceQuality "1"]
[TimeControl "5400+30"]

1. e4 c5 2. Nf3 d6 3. d4 cxd4 4. Nxd4 Nf6 5. Nc3 a6 6. Bc4 e6 7. Bb3 b5 8. Qf3 Qc7 9. Bg5 Be7 10. O-O-O O-O 11. e5 Bb7 12. exf6 Bxf3 13. fxe7 Re8 14. gxf3 h6 15. Nxe6 fxe6 16. Bxe6+ Kh8 17. Nd5 Qa5 18. Bd2 Qxa2 19. Bc3 b4 20. Bxg7+ Kxg7 21. Rhg1+ Kh8 22. Nc7 Qa1+ 23. Kd2 Qxb2 24. Nxe8 Qc3+ 25. Kc1 Qa1+ 26. Kd2 Qc3+ 27. Kc1 Qa1+ 28. Kd2 Qc3+ 29. Ke2 Qe5+ 30. Kf1 Qxe6 31. Rxd6 Qh3+ 32. Rg2 Nc6 33. Nc7 Nxe7 34. Nxa8 Nf5 35. Rd8+ Kh7 36. Rd7+ Kh8 37. Rd8+ Kh7 38. Rd7+ Kh8 39. Rd8+ Kh7 1/2-1/2

[Event "Djerba Festival Open-A 2024"]
[Site "Djerba"]
[Date "2024.02.25"]
[Round "9.4"]
[White "Brahami, Lamine"]
[Black "Travadon, Loic"]
[Result "0-1"]
[ECO "D24"]
[WhiteElo "2178"]
[BlackElo "2460"]
[Annotator "ChessBase"]
[PlyCount "110"]
[EventDate "2024.02.18"]
[EventType "swiss"]
[EventCountry "TUN"]
[SourceTitle "playchess.com"]
[Source "ChessBase"]
[SourceQuality "1"]
[TimeControl "5400+30"]

1. d4 Nf6 2. c4 e6 3. Nf3 d5 4. Nc3 dxc4 5. e4 b5 6. e5 Nd5 7. Nxb5 Nb6 8. a4 Qd7 9. Na3 Bxa3 10. Rxa3 a5 11. h4 Nc6 12. h5 f5 13. h6 g6 14. Bg5 Ba6 15. Be2 O-O 16. Rh4 Nb4 17. Nd2 Nd3+ 18. Bxd3 cxd3 19. Kf1 Nd5 20. Nb3 Rfb8 21. Kg1 Qc6 22. Nc5 Rxb2 23. Nxd3 Bxd3 24. Qxd3 Rb4 25. Qd1 Rab8 26. Kh2 Rb2 27. Qf3 Qc2 28. Be3 Qe2 29. Bc1 Qxf2 30. Rh3 Qxf3 31. Rhxf3 Rc2 32. Ra1 Rb4 33. Ba3 Rxd4 34. Rb1 Nb4 35. Bxb4 axb4 36. a5 c5 37. Ra1 Rdd2 38. Rg3 Kf7 39. a6 Ra2 40. Rxa2 Rxa2 41. Rd3 g5 42. Rd7+ Kg6 43. Rd6 f4 44. Rxe6+ Kf5 45. Rc6 Kxe5 46. Rxc5+ Kd4 47. Rc7 Rxa6 48. Rxh7 Ke3 49. Kg1 Ra1+ 50. Kh2 Kf2 51. Rh8 g4 52. Rc8 Ra6 53. Rc2+ Ke3 54. Rb2 Rxh6+ 55. Kg1 Rb6 0-1

[Event "Djerba Festival Open-A 2024"]
[Site "Djerba"]
[Date "2024.02.25"]
[Round "9.5"]
[White "Eden, James"]
[Black "Alhassadi, Yousef A."]
[Result "1-0"]
[ECO "B22"]
[WhiteElo "2319"]
[BlackElo "2011"]
[Annotator "ChessBase"]
[PlyCount "91"]
[EventDate "2024.02.18"]
[EventType "swiss"]
[EventCountry "TUN"]
[SourceTitle "playchess.com"]
[Source "ChessBase"]
[SourceQuality "1"]
[TimeControl "5400+30"]

1. e4 c5 2. Nf3 e6 3. c3 Nf6 4. e5 Nd5 5. d4 cxd4 6. cxd4 d6 7. Bc4 Nc6 8. O-O Nb6 9. Bb3 dxe5 10. dxe5 Qxd1 11. Rxd1 Be7 12. Nc3 Bd7 13. Nb5 O-O 14. Nd6 Na5 15. Bc2 Bc6 16. b3 Bd5 17. Bf4 Nc6 18. Nd4 Rad8 19. Nxc6 Bxc6 20. Be3 Rd7 21. Be4 Bxe4 22. Nxe4 Nd5 23. Nc3 b6 24. Nxd5 exd5 25. Rac1 Rfd8 26. Bd4 Ba3 27. Rc6 Bb4 28. f4 Re7 29. Kf2 h6 30. Kf3 Ba3 31. Rd2 Kh7 32. g4 Bb4 33. Rdc2 Ba3 34. h4 Bb4 35. h5 Ba3 36. Rc8 Rdd7 37. R2c6 Re6 38. R6c7 Ree7 39. Rxd7 Rxd7 40. f5 Be7 41. a4 Rb7 42. Ke2 Bb4 43. Rd8 b5 44. Rxd5 bxa4 45. bxa4 Rc7 46. Kd3 1-0

[Event "Djerba Festival Open-A 2024"]
[Site "Djerba"]
[Date "2024.02.25"]
[Round "9.6"]
[White "Taieb, Sahbi"]
[Black "Merenciano, Alexandre"]
[Result "0-1"]
[ECO "A46"]
[WhiteElo "2085"]
[BlackElo "2194"]
[Annotator "ChessBase"]
[PlyCount "119"]
[EventDate "2024.02.18"]
[EventType "swiss"]
[EventCountry "TUN"]
[SourceTitle "playchess.com"]
[Source "ChessBase"]
[SourceQuality "1"]
[TimeControl "5400+30"]

1. d4 Nf6 2. Nf3 e6 3. g3 c5 4. Bg2 cxd4 5. Nxd4 Nc6 6. O-O Qb6 7. Nb3 d5 8. Nc3 Be7 9. e4 d4 10. Ne2 e5 11. Kh1 h5 12. Bg5 Ng4 13. Bxe7 Nxe7 14. h3 d3 15. Qxd3 Nxf2+ 16. Rxf2 Qxf2 17. Rf1 Qb6 18. Nc3 O-O 19. Nd5 Nxd5 20. exd5 Bd7 21. c4 Rac8 22. c5 Qb4 23. Rc1 Ba4 24. Qe3 Rfd8 25. Kh2 a5 26. Qxe5 Bxb3 27. axb3 Rxc5 28. Rf1 Rc2 29. Qf5 Rxg2+ 30. Kxg2 Qd2+ 31. Rf2 Qxd5+ 32. Qxd5 Rxd5 33. Rc2 Rd3 34. Rc8+ Kh7 35. Rc5 h4 36. gxh4 Rxb3 37. Rxa5 Rxb2+ 38. Kg3 b5 39. Ra7 f6 40. Rb7 b4 41. Kg4 b3 42. Kf5 Rf2+ 43. Ke6 b2 44. Kf7 Rh2 45. Rb3 f5 46. Kf8 Kg6 47. Rb7 Kh5 48. Kxg7 Kxh4 49. Kf6 Rf2 50. Rb3 f4 51. Kf5 f3 52. Kf4 Kxh3 53. Rb8 Kg2 54. Rg8+ Kf1 55. Rb8 Ke1 56. Ke3 Rh2 57. Rb7 Kd1 58. Kd3 Rf2 59. Ke3 Rh2 60. Kf4 0-1

[Event "Djerba Festival Open-A 2024"]
[Site "Djerba"]
[Date "2024.02.25"]
[Round "9.7"]
[White "Lorans, Sylvain"]
[Black "Dwilewicz, Katarzyna"]
[Result "1/2-1/2"]
[ECO "D32"]
[WhiteElo "2076"]
[BlackElo "2129"]
[Annotator "NA RC"]
[PlyCount "52"]
[EventDate "2024.02.18"]
[EventType "swiss"]
[EventCountry "TUN"]
[SourceTitle "playchess.com"]
[Source "ChessBase"]
[SourceQuality "1"]
[TimeControl "5400+30"]

1. d4 d5 2. c4 c6 3. Nc3 Nf6 4. e3 e6 5. Nf3 a6 6. Qc2 c5 7. cxd5 exd5 8. Be2 Nc6 9. dxc5 Bxc5 10. O-O Qe7 11. a3 O-O 12. b4 Ba7 13. b5 axb5 14. Nxb5 Bb8 15. a4 Rd8 16. Ba3 Qe4 17. Qxe4 dxe4 18. Nfd4 Rxa4 19. Nxc6 bxc6 20. Nd4 Bd7 21. Be7 Rxa1 22. Rxa1 Re8 23. Bxf6 gxf6 24. Rc1 Rc8 25. g4 Bd6 26. Nf5 Bxf5 1/2-1/2